| TOP OF THE 1ST |
|
Milwaukee Brewers batting - Pitching for St. Louis Cardinals : LHP Steve Cooper
|
|
Pitching: LHP Steve Cooper
|
|
|
Batting: SHB Pat Wilson
|
0-0: Ball 1-0: Ball 2-0: Ball 3-0: Called Strike 3-1: Called Strike 3-2: Foul Ball, location: 2F 3-2: Fly out, F6 (Popup, 6M, EV 71.3 MPH)
|
|
Batting: RHB Akitada Nishizawa
|
0-0: Foul Ball, location: 2F 0-1: Ball 1-1: Ball 2-1: Ball 3-1: Called Strike 3-2: Base on Balls
|
|
Batting: RHB Bobby Muniz
|
0-0: Ball Akitada Nishizawa steals 2nd base 1-0: Called Strike 1-1: Called Strike 1-2: SINGLE (Groundball, 6MD, EV 93.8 MPH) Akitada Nishizawa to third
|
|
Batting: RHB Adrian Rudkilde
|
0-0: Ball 1-0: Foul Ball, location: 2F 1-1: Ball 2-1: Swinging Strike 2-2: Ball 3-2: Foul Ball, location: 2F 3-2: 3-RUN HOME RUN (Flyball, 7LD, EV 96.9 MPH), Distance : 352 ft
|
|
Batting: LHB Tetsuya Oba
|
0-0: Called Strike 0-1: Swinging Strike 0-2: Strikes out swinging
|
|
Batting: RHB Kisho Ito
|
0-0: SINGLE (Groundball, 4MD, EV 106.9 MPH)
|
|
Batting: RHB Yuichi Matsuoka
|
0-0: Ball 1-0: Ball 2-0: Called Strike 2-1: Ball 3-1: Base on Balls Kisho Ito to second
|
|
Batting: RHB Daniel Donovan
|
0-0: Called Strike 0-1: Swinging Strike 0-2: SINGLE (Groundball, 56S, EV 68.8 MPH) (infield hit) Kisho Ito to third Yuichi Matsuoka to second
|
|
Batting: RHB Cody Flowers
|
0-0: Foul Ball, location: 2F 0-1: Fly out, F7 (Flyball, 7D, EV 86.3 MPH)
|
| Top of the 1st over - 3 runs, 4 hits, 0 errors, 3 left on base; Milwaukee 3 - St. Louis 0 |
| BOTTOM OF THE 1ST |
|
St. Louis Cardinals batting - Pitching for Milwaukee Brewers : RHP Mekonen Mahfudh
|
|
Pitching: RHP Mekonen Mahfudh
|
|
|
Batting: LHB Tommy Luce
|
0-0: Ball 1-0: Ball 2-0: Called Strike 2-1: Ball 3-1: Foul Ball, location: 2F 3-2: Fly out, F9 (Line Drive, 9D, EV 86.9 MPH)
|
|
Batting: RHB Tenshou Takita
|
0-0: Called Strike 0-1: Ball 1-1: SINGLE (Groundball, 5S, EV 68.1 MPH) (infield hit)
|
|
Batting: SHB Antoine Roux
|
0-0: Called Strike 0-1: Fielders Choice at 2nd, 6-4 (Groundball, 6, EV 83.1 MPH)
|
|
Batting: LHB Alex Vargas
|
0-0: Ball 1-0: Called Strike 1-1: SINGLE (Flyball, 7LS, EV 90.6 MPH) Antoine Roux to second Runner from 2nd tries for 3rd, SAFE, throw by LF made to third
|
|
Batting: LHB John Blair
|
0-0: Called Strike 0-1: Ball 1-1: Ball 2-1: Ball 3-1: Called Strike 3-2: Strikes out swinging
|
| Bottom of the 1st over - 0 runs, 2 hits, 0 errors, 2 left on base; Milwaukee 3 - St. Louis 0 |
| TOP OF THE 2ND |
|
Milwaukee Brewers batting - Pitching for St. Louis Cardinals : LHP Steve Cooper
|
|
Batting: SHB Pat Wilson
|
0-0: Foul Ball, location: 2F 0-1: Ball 1-1: Reached on error, E1 (Groundball, 15S, EV 74.4 MPH)
|
|
Batting: RHB Akitada Nishizawa
|
0-0: Ball 1-0: Ground out 6-3 (Groundball, 6, EV 105.6 MPH)
|
|
Batting: RHB Bobby Muniz
|
0-0: Ball 1-0: Ball 2-0: SINGLE (Groundball, 6MD, EV 98.8 MPH) Pat Wilson to third Runner from 3rd tries for Home, SAFE, throw by CF to home Bobby Muniz to second
|
|
Batting: RHB Adrian Rudkilde
|
0-0: Called Strike 0-1: Called Strike 0-2: Ball 1-2: Strikes out swinging
|
|
Batting: LHB Tetsuya Oba
|
0-0: Ground out 4-3 (Groundball, 34, EV 103.8 MPH)
|
| Top of the 2nd over - 1 run, 1 hit, 1 error, 1 left on base; Milwaukee 4 - St. Louis 0 |
| BOTTOM OF THE 2ND |
|
St. Louis Cardinals batting - Pitching for Milwaukee Brewers : RHP Mekonen Mahfudh
|
|
Batting: RHB Bobby Scholl
|
0-0: Ball 1-0: Ball 2-0: Ball 3-0: Called Strike 3-1: Base on Balls
|
|
Batting: LHB Ben Rubenacker
|
0-0: SINGLE (Line Drive, 8RM, EV 105.0 MPH) Bobby Scholl to second
|
|
Batting: RHB Francisco Hernandez
|
0-0: Grounds into double play, 4-6-3 (Groundball, 4, EV 101.3 MPH) Bobby Scholl to third
|
|
Batting: RHB Dustin Clark
|
0-0: Fly out, F6 (Flyball, 56D, EV 71.3 MPH)
|
| Bottom of the 2nd over - 0 runs, 1 hit, 0 errors, 1 left on base; Milwaukee 4 - St. Louis 0 |
| TOP OF THE 3RD |
|
Milwaukee Brewers batting - Pitching for St. Louis Cardinals : LHP Steve Cooper
|
|
Batting: RHB Kisho Ito
|
0-0: Called Strike 0-1: Ball 1-1: Swinging Strike 1-2: Foul Ball, location: 2F 1-2: Ball 2-2: Strikes out swinging
|
|
Batting: RHB Yuichi Matsuoka
|
0-0: Called Strike 0-1: Swinging Strike 0-2: Ball 1-2: Ball 2-2: Strikes out looking
|
|
Batting: RHB Daniel Donovan
|
0-0: Swinging Strike 0-1: SINGLE (Line Drive, 6MD, EV 101.3 MPH)
|
|
Batting: RHB Cody Flowers
|
0-0: Ball 1-0: Called Strike 1-1: Called Strike 1-2: Ball 2-2: Ball Daniel Donovan steals 2nd base 3-2: Base on Balls
|
|
Batting: SHB Pat Wilson
|
0-0: Called Strike 0-1: Swinging Strike 0-2: Ball 1-2: Ball 2-2: Ball 3-2: Foul Ball, location: 2F 3-2: Foul Ball, location: 2F 3-2: Base on Balls Daniel Donovan to third Cody Flowers to second
|
|
Batting: RHB Akitada Nishizawa
|
0-0: Called Strike 0-1: Ball 1-1: Ground out 5-3 (Groundball, 5S, EV 85.6 MPH)
|
| Top of the 3rd over - 0 runs, 1 hit, 0 errors, 3 left on base; Milwaukee 4 - St. Louis 0 |
| BOTTOM OF THE 3RD |
|
St. Louis Cardinals batting - Pitching for Milwaukee Brewers : RHP Mekonen Mahfudh
|
|
Batting: LHB Tommy Luce
|
0-0: Ground out 4-3 (Groundball, 4, EV 81.9 MPH)
|
|
Batting: RHB Tenshou Takita
|
0-0: Called Strike 0-1: Ball 1-1: Foul Ball, location: 2F 1-2: Ball 2-2: Ground out 6-3 (Groundball, 56, EV 101.3 MPH)
|
|
Batting: SHB Antoine Roux
|
0-0: Ball 1-0: Ball 2-0: Ball 3-0: TRIPLE (Line Drive, 9LD, EV 96.3 MPH)
|
|
Batting: LHB Alex Vargas
|
0-0: Called Strike 0-1: Foul Ball, location: 2F 0-2: Strikes out swinging
|
| Bottom of the 3rd over - 0 runs, 1 hit, 0 errors, 1 left on base; Milwaukee 4 - St. Louis 0 |
| TOP OF THE 4TH |
|
Milwaukee Brewers batting - Pitching for St. Louis Cardinals : LHP Steve Cooper
|
|
Batting: RHB Bobby Muniz
|
0-0: Foul Ball, location: 2F 0-1: Foul Ball, location: 2F 0-2: Strikes out swinging
|
|
Batting: RHB Adrian Rudkilde
|
0-0: Ball 1-0: Swinging Strike 1-1: Called Strike 1-2: Foul Ball, location: 2F 1-2: Fly out, F8 (Flyball, 78D, EV 93.8 MPH)
|
|
Batting: LHB Tetsuya Oba
|
0-0: Ball 1-0: Called Strike 1-1: Ball 2-1: Called Strike 2-2: Foul Ball, location: 2F 2-2: Ball 3-2: Strikes out swinging
|
| Top of the 4th over - 0 runs, 0 hits, 0 errors, 0 left on base; Milwaukee 4 - St. Louis 0 |
| BOTTOM OF THE 4TH |
|
St. Louis Cardinals batting - Pitching for Milwaukee Brewers : RHP Mekonen Mahfudh
|
|
Batting: LHB John Blair
|
0-0: Ball 1-0: Ball 2-0: Fly out, F9 (Flyball, 9LM, EV 88.1 MPH)
|
|
Batting: RHB Bobby Scholl
|
0-0: Called Strike 0-1: Ball 1-1: Ground out 3-1 (Groundball, 34, EV 88.1 MPH)
|
|
Batting: LHB Ben Rubenacker
|
0-0: Foul Ball, location: 2F 0-1: Foul Ball, location: 2F 0-2: Foul Ball, location: 2F 0-2: SINGLE (Line Drive, 78M, EV 92.5 MPH)
|
|
Batting: RHB Francisco Hernandez
|
0-0: Ball 1-0: Swinging Strike 1-1: Fly out, F8 (Flyball, 8LXD, EV 105.6 MPH)
|
| Bottom of the 4th over - 0 runs, 1 hit, 0 errors, 1 left on base; Milwaukee 4 - St. Louis 0 |
| TOP OF THE 5TH |
|
Milwaukee Brewers batting - Pitching for St. Louis Cardinals : LHP Steve Cooper
|
|
Batting: RHB Kisho Ito
|
0-0: Swinging Strike 0-1: Ball 1-1: Foul Ball, location: 2F 1-2: Fly out, F8 (Flyball, 8LS, EV 88.1 MPH)
|
|
Batting: RHB Yuichi Matsuoka
|
0-0: Called Strike 0-1: Called Strike 0-2: Foul Ball, location: 2F 0-2: Foul Ball, location: 2F 0-2: Ground out 6-3 (Groundball, 6M, EV 87.5 MPH)
|
|
Batting: RHB Daniel Donovan
|
0-0: Foul Ball, location: 2F 0-1: Foul Ball, location: 2F 0-2: Foul Ball, location: 2F 0-2: Strikes out swinging
|
| Top of the 5th over - 0 runs, 0 hits, 0 errors, 0 left on base; Milwaukee 4 - St. Louis 0 |
| BOTTOM OF THE 5TH |
|
St. Louis Cardinals batting - Pitching for Milwaukee Brewers : RHP Mekonen Mahfudh
|
|
Batting: RHB Dustin Clark
|
0-0: Called Strike 0-1: Swinging Strike 0-2: Ball 1-2: Foul Ball, location: 2F 1-2: Strikes out swinging
|
|
Batting: LHB Tommy Luce
|
0-0: Called Strike 0-1: Called Strike 0-2: Ball 1-2: SINGLE (Line Drive, 78M, EV 89.4 MPH)
|
|
Batting: RHB Tenshou Takita
|
0-0: Fly out, F3 (Line Drive, 3, EV 66.3 MPH)
|
|
Batting: SHB Antoine Roux
|
0-0: Ball 1-0: Ball Tommy Luce steals 2nd base 2-0: Ball 3-0: Fly out, F5 (Flyball, 5D, EV 83.8 MPH)
|
| Bottom of the 5th over - 0 runs, 1 hit, 0 errors, 1 left on base; Milwaukee 4 - St. Louis 0 |
| TOP OF THE 6TH |
|
Milwaukee Brewers batting - Pitching for St. Louis Cardinals : LHP Steve Cooper
|
|
Pitching: RHP Josh Sandoval
|
|
|
Batting: RHB Cody Flowers
|
0-0: Ball 1-0: Ground out 6-3 (Groundball, 6S, EV 75.6 MPH)
|
|
Batting: SHB Pat Wilson
|
0-0: Ball 1-0: Ball 2-0: Ball 3-0: Called Strike 3-1: Called Strike 3-2: Strikes out swinging
|
|
Batting: RHB Akitada Nishizawa
|
0-0: Ball 1-0: SINGLE (Line Drive, 4MD, EV 96.9 MPH)
|
|
Batting: RHB Bobby Muniz
|
0-0: Ball 1-0: Called Strike 1-1: Foul Ball, location: 2F 1-2: Fielders Choice at 2nd, 5-4 (Groundball, 56, EV 86.9 MPH)
|
| Top of the 6th over - 0 runs, 1 hit, 0 errors, 1 left on base; Milwaukee 4 - St. Louis 0 |
| BOTTOM OF THE 6TH |
|
St. Louis Cardinals batting - Pitching for Milwaukee Brewers : RHP Mekonen Mahfudh
|
|
Batting: LHB Alex Vargas
|
0-0: Ball 1-0: Ground out U3 (Groundball, 34S, EV 95.6 MPH)
|
|
Batting: LHB John Blair
|
0-0: Ball 1-0: Ground out 4-3 (Groundball, 4, EV 88.8 MPH)
|
|
Batting: RHB Bobby Scholl
|
0-0: Ball 1-0: Called Strike 1-1: Reached on error, E1 (Groundball, 34S, EV 65.6 MPH)
|
|
Batting: LHB Ben Rubenacker
|
0-0: Ball 1-0: Ball 2-0: Ball Bobby Scholl is caught stealing 2nd base 2-6
|
| Bottom of the 6th over - 0 runs, 0 hits, 1 error, 0 left on base; Milwaukee 4 - St. Louis 0 |
| TOP OF THE 7TH |
|
Milwaukee Brewers batting - Pitching for St. Louis Cardinals : RHP Josh Sandoval
|
|
Batting: RHB Adrian Rudkilde
|
0-0: Swinging Strike 0-1: Ball 1-1: Ball 2-1: Ball 3-1: Called Strike 3-2: SOLO HOME RUN (Flyball, 78XD, EV 102.5 MPH), Distance : 398 ft
|
|
Batting: LHB Tetsuya Oba
|
0-0: Called Strike 0-1: Ball 1-1: Ball 2-1: Ball 3-1: Swinging Strike 3-2: Base on Balls
|
|
Batting: RHB Kisho Ito
|
0-0: Ball 1-0: Foul Ball, location: 2F 1-1: Called Strike 1-2: Ball 2-2: Grounds into double play, 6-4-3 (Groundball, 6, EV 108.8 MPH)
|
|
Batting: RHB Yuichi Matsuoka
|
0-0: Foul Ball, location: 2F 0-1: Ground out 4-3 (Groundball, 4, EV 103.8 MPH)
|
| Top of the 7th over - 1 run, 1 hit, 0 errors, 0 left on base; Milwaukee 5 - St. Louis 0 |
| BOTTOM OF THE 7TH |
|
St. Louis Cardinals batting - Pitching for Milwaukee Brewers : RHP Mekonen Mahfudh
|
|
Batting: LHB Ben Rubenacker
|
0-0: SOLO HOME RUN (Line Drive, 89XD, EV 102.5 MPH), Distance : 406 ft
|
|
Batting: RHB Francisco Hernandez
|
0-0: Ball 1-0: Called Strike 1-1: Ball 2-1: Fly out, F4 (Line Drive, 4, EV 70.0 MPH)
|
|
Batting: RHB Dustin Clark
|
0-0: Ball 1-0: Foul Ball, location: 2F 1-1: Ball 2-1: Fly out, F8 (Flyball, 89D, EV 105.6 MPH)
|
|
Batting: LHB Tommy Luce
|
0-0: Foul Ball, location: 2F 0-1: Swinging Strike 0-2: Ball 1-2: Foul Ball, location: 2F 1-2: Ball 2-2: SINGLE (Groundball, 4S, EV 61.9 MPH) (infield hit)
|
|
Batting: RHB Tenshou Takita
|
0-0: Ground out 4-3 (Groundball, 34, EV 105.6 MPH)
|
| Bottom of the 7th over - 1 run, 2 hits, 0 errors, 1 left on base; Milwaukee 5 - St. Louis 1 |
| TOP OF THE 8TH |
|
Milwaukee Brewers batting - Pitching for St. Louis Cardinals : RHP Josh Sandoval
|
|
Pitching: RHP Andy Montelongo
|
|
|
Batting: RHB Daniel Donovan
|
0-0: Ball 1-0: Ball 2-0: Swinging Strike 2-1: Fly out, F8 (Flyball, 89S, EV 83.1 MPH)
|
|
Batting: RHB Cody Flowers
|
0-0: Ball 1-0: DOUBLE (Line Drive, 89D, EV 112.5 MPH)
|
|
Batting: SHB Pat Wilson
|
0-0: Called Strike 0-1: Ball 1-1: Ball 2-1: Foul Ball, location: 2F 2-2: Ball 3-2: Base on Balls
|
|
Batting: RHB Akitada Nishizawa
|
0-0: Swinging Strike 0-1: Swinging Strike 0-2: Ball 1-2: Strikes out swinging
|
|
Batting: RHB Bobby Muniz
|
0-0: Foul Ball, location: 2F 0-1: Ball 1-1: Foul Ball, location: 2F 1-2: Fielders Choice at 2nd, 5-4 (Groundball, 56, EV 107.5 MPH)
|
| Top of the 8th over - 0 runs, 1 hit, 0 errors, 2 left on base; Milwaukee 5 - St. Louis 1 |
| BOTTOM OF THE 8TH |
|
St. Louis Cardinals batting - Pitching for Milwaukee Brewers : RHP Mekonen Mahfudh
|
|
Now at 2B: Jean-François Bernard
|
|
|
Batting: SHB Antoine Roux
|
0-0: Called Strike 0-1: Called Strike 0-2: Foul Ball, location: 2F 0-2: Ball 1-2: Foul Ball, location: 2F 1-2: Ball 2-2: Foul Ball, location: 2F 2-2: Ground out 4-3 (Groundball, 34, EV 81.3 MPH)
|
|
Batting: LHB Alex Vargas
|
0-0: Foul Ball, location: 2F 0-1: Ball 1-1: Ball 2-1: Called Strike 2-2: Ground out 4-3 (Groundball, 4, EV 81.3 MPH)
|
|
Batting: LHB John Blair
|
0-0: Ball 1-0: Ground out 4-3 (Groundball, 4, EV 108.1 MPH)
|
| Bottom of the 8th over - 0 runs, 0 hits, 0 errors, 0 left on base; Milwaukee 5 - St. Louis 1 |
| TOP OF THE 9TH |
|
Milwaukee Brewers batting - Pitching for St. Louis Cardinals : RHP Andy Montelongo
|
|
Pitching: LHP Michael Colin
|
|
|
Batting: RHB Adrian Rudkilde
|
0-0: Called Strike 0-1: Ground out 4-3 (Groundball, 4, EV 85.6 MPH)
|
|
Batting: LHB Tetsuya Oba
|
0-0: Called Strike 0-1: Ball 1-1: Foul Ball, location: 2F 1-2: Fly out, F8 (Flyball, 78D, EV 104.4 MPH)
|
|
Batting: RHB Kisho Ito
|
0-0: Ball 1-0: Ground out 2-3 (Groundball, 2R, EV 63.8 MPH)
|
| Top of the 9th over - 0 runs, 0 hits, 0 errors, 0 left on base; Milwaukee 5 - St. Louis 1 |
| BOTTOM OF THE 9TH |
|
St. Louis Cardinals batting - Pitching for Milwaukee Brewers : RHP Mekonen Mahfudh
|
|
Pitching: RHP Elliott Payne
|
|
|
Batting: RHB Bobby Scholl
|
0-0: Called Strike 0-1: Ball 1-1: Ball 2-1: Foul Ball, location: 2F 2-2: Foul Ball, location: 2F 2-2: Ball 3-2: Foul Ball, location: 2F 3-2: Strikes out swinging
|
|
Batting: LHB Ben Rubenacker
|
0-0: Ball 1-0: Called Strike 1-1: Foul Ball, location: 2F 1-2: Ball 2-2: Ball 3-2: Foul Ball, location: 2F 3-2: Strikes out swinging
|
|
Batting: RHB Francisco Hernandez
|
0-0: Ball 1-0: Ground out 3-1 (Groundball, 34, EV 104.4 MPH)
|
| Bottom of the 9th over - 0 runs, 0 hits, 0 errors, 0 left on base; Milwaukee 5 - St. Louis 1 |
|